AoeStats
← Trickshot

Arabia

504706612Analyzed
1v1 RM · 27d ago on Sep 6, 2026· 52m 42s· 2 players
Game mode
Random Map
Map size
Tiny (2 player)
Population
200
Speed
Normal
Resources
Standard
Victory
Conquest
Starting age
Dark Age
Ending age
Imperial Age
RankedLock teamsTeams togetherTeam positionsShared explorationLock speedFull tech treeHidden civsTurbo modeCheats
Victory
Defeat
🇩🇪 Saracens · Germany
1149
+15
🇬🇧 Jurchens · United Kingdom
1138
-15
ryarrow
6:47 Loom
9:24 Feudal Age
9:53 Double-Bit Axe
11:33 Horse Collar
20:55 Castle Age
20:05 Scale Barding Armor
20:39 Bloodlines
21:58 Heavy Plow
23:51 Forging
24:41 Husbandry
26:15 Chain Barding Armor
27:19 Wheelbarrow
27:47 Iron Casting
28:38 Bow Saw
29:30 Hand Cart
29:24 Town Watch
32:05 Gold Mining
33:54 Gold Shaft Mining
33:06 Pikeman
36:36 Fletching
38:20 Scale Mail Armor
44:04 Imperial Age
41:55 Squires
42:12 Chain Mail Armor
43:21 Bodkin Arrow
45:02 Padded Archer Armor
44:42 Heavy Cavalry Archer
45:26 Bracer
46:29 Blast Furnace
44:54 Halberdier
46:58 Leather Archer Armor
50:46 Chemistry
50:07 Ballistics
50:00 Light Cavalry
51:10 Elite Skirmisher
Trickshot
7:22 Loom
9:42 Feudal Age
10:39 Double-Bit Axe
17:38 Wheelbarrow
20:56 Castle Age
18:47 Horse Collar
19:31 Bloodlines
19:42 Gold Mining
23:07 Bow Saw
23:34 Forging
27:55 Iron Casting
29:12 Husbandry
29:40 Scale Barding Armor
31:50 Chain Barding Armor
34:59 Hand Cart
34:30 Town Watch
41:06 Imperial Age
39:15 Heavy Plow
39:07 Stone Mining
40:51 Fletching
41:04 Padded Archer Armor
41:41 Bodkin Arrow
42:08 Conscription
43:08 Two-Man Saw
44:43 Plate Barding Armor
44:09 Bracer
45:10 Leather Archer Armor
45:56 Blast Furnace
48:07 Elite Mameluke
49:30 Ring Archer Armor
49:54 Counterweights
Connection lost

Rejoining the realm…

Still unreachable

The connection could not be restored.

Session expired

The server has moved on; the page needs a fresh start.